 Dungeon Crawl Stone Soup version 0.25-a0-949-gdd2af9e06e (webtiles) character file.

Game seed: 1584783032393894104, levelgen mode: deterministic

591 sanka the Frost Mage (level 7, -9/46 HPs)
             Began as a Barachi Ice Elementalist on May 8, 2020.
             Mangled by a wyvern zombie (16 damage)
             ... on level 3 of the Dungeon.
             The game lasted 00:07:22 (3824 turns).

sanka the Frost Mage (Barachi Ice Elementalist)     Turns: 3824, Time: 00:07:23

Health: -9/46      AC: 11    Str:  9    XL:     7   Next: 39%
Magic:  5/13       EV: 12    Int: 18    God:
Gold:   113        SH:  0    Dex: 12    Spells: 3/14 levels left

rFire    . . .     SeeInvis .   a - +1 whip (elec)
rCold    . . .     Gourm    .   (no shield)
rNeg     . . .     Faith    .   r - +2 robe {MR+}
rPois    .         Spirit   .   (no helmet)
rElec    .         Reflect  .   (no cloak)
rCorr    +         Harm     .   n - +0 pair of gloves
MR       +....                  (no boots)
Stlth    +.........             (no amulet)
HPRegen  0.15/turn              f - ring of resist corrosion (curse)
MPRegen  0.13/turn              p - ring of attention (curse)

@: icy armour, slow
A: +LOS, swims, slowness 1, strong legs 1
a: Hop


You were on level 3 of the Dungeon.
You were near starving.

You visited 1 branch of the dungeon, and saw 3 of its levels.

You collected 113 gold pieces.


Innate Abilities, Weirdness & Mutations

You can be seen from farther away. (+LOS)
You can swim through water.
You cover ground slowly.
You can hop short distances.


   Skills:
 - Level 2.1 Dodging
 - Level 1.7 Stealth
 - Level 4.0 Spellcasting
 + Level 2.3 Summonings
 * Level 8.9 Ice Magic
 - Level 2.0 Evocations


You had 3 spell levels left.
You knew the following spells:

 Your Spells              Type           Power        Failure   Level  Hunger
a - Ozocubu's Armour      Chrm/Ice       ###.....     7%          3    ###....
x - Summon Ice Beast      Ice/Summ       ###.....     14%         4    ####...
y - Frozen Ramparts       Ice            #####.       1%          3    ###....
z - Freeze                Ice            ####         1%          1    None

Your spell library contained the following spells:

 Spells                   Type           Power        Failure   Level  Hunger
 Hailstorm                Conj/Ice       ###.....     24%         4    ####...

Inventory:

Hand Weapons
 a - a +1 whip of electrocution (weapon)
 b - a +0 hunting sling
Missiles
 e - 86 stones
 q - 7 javelins (quivered)
Armour
 n - a +0 pair of gloves (worn)
 r - a +2 robe of magic resistance (worn)
Jewellery
 f - a cursed ring of resist corrosion (left hand)
 p - a cursed ring of attention (right hand)
Wands
 u - a wand of digging (6)
 w - a wand of scattershot (3)
Scrolls
 d - a scroll of amnesia {unknown}
 h - 2 scrolls of identify {unknown}
 i - 2 scrolls of remove curse {unknown}
 k - 2 scrolls of teleportation {unknown}
 s - a scroll of fog {unknown}
 t - 2 scrolls of fear {unknown}
 x - a scroll of immolation {unknown}
Potions
 j - a potion of curing {unknown}
 l - a potion of stabbing {unknown}
 m - a potion of might {unknown}
 o - a potion of brilliance {unknown}
 v - a potion of degeneration {unknown}
Comestibles
 c - 5 rations

Dungeon Overview and Level Annotations

Branches:
Dungeon (3/15)

Altars:
Nemelex Xobeh

............▒............▒ ▒.▒
.[....^.▒▒▒▒▒.▒.▒▒▒▒▒.▒▒.▒ ▒.▒
.▒......▒▒▒▒▒.▒.▒ ▒.▒▒.▒ ▒.▒
..............▒.▒ ▒.▒▒.▒▒▒.▒
▒▒▒▒▒▒▒.........▒ ▒.▒...▒▒.▒
▒.▒▒▒▒▒▒▒▒▒ ▒.▒...▒▒.▒ ▒.▒
▒▒▒........▒
▒▒▒▒▒▒▒.▒▒▒▒▒▒▒▒▒▒▒..........▒
........).......FZZ.........▒▒
▒▒▒▒▒..........▒▒▒'''▒▒▒..▒▒▒
▒.▒.▒▒▒▒▒▒▒▒ZZZ....▒..▒
▒.▒....▒ ▒▒.....▒▒.▒▒ ▒▒▒
▒......▒ ▒.......▒.▒ ▒.<
▒▒▒▒▒.▒▒▒..▒ ▒▒.£?..▒▒.▒ ▒.▒
......▒ ▒..▒ ▒..▒.▒..▒.▒▒▒ ▒.▒
▒▒▒▒▒.▒▒▒.▒▒ ▒▒▒▒▒▒▒▒▒▒...▒
▒.▒ ▒ ▒.....▒ ▒.▒.....▒▒▒▒.▒
▒<▒


You could see 2 bullfrog zombies, a wyvern zombie, a hound skeleton and a
centaur skeleton.


Message History

The hound skeleton completely resists.
The wall freezes the hound skeleton but do no damage.
Your icy armour cracks and falls away as you move.
The wyvern zombie resists.
The wall freezes the wyvern zombie.
The wyvern zombie bites you!
* * * LOW HITPOINT WARNING * * *
The bullfrog zombie completely resists.
The wall freezes the bullfrog zombie but do no damage.
The hound skeleton completely resists.
The wall freezes the hound skeleton but do no damage.
The wyvern zombie resists.
The wall freezes the wyvern zombie.
The wyvern zombie bites you.
* * * LOW HITPOINT WARNING * * *
You hit the wyvern zombie but do no damage.
The wyvern zombie is lightly damaged.
The frozen ramparts melt away.
The wyvern zombie bites you!
* * * LOW HITPOINT WARNING * * *
Unknown command.
Unknown command.
A film of ice covers your body! The wyvern zombie bites you.
* * * LOW HITPOINT WARNING * * *
You hit the wyvern zombie.
The wyvern zombie is moderately damaged.
The wyvern zombie bites you but does no damage.
The wyvern zombie bites you!
You die...

Action                   |  1- 3 |  4- 6 |  7- 9 || total
-------------------------+-------+-------+-------++-------
Melee: Whip              |    24 |     1 |     8 ||    33
 Fire: Hunting sling     |     3 |    73 |       ||    76
 Cast: Freeze            |    25 |    50 |       ||    75
       Frozen Ramparts   |       |     5 |     1 ||     6
       Ozocubu's Armour  |       |       |     2 ||     2
 Abil: Hop               |       |     1 |       ||     1
Evoke: Wand              |       |     2 |     1 ||     3
 Stab: Sleeping          |     1 |       |       ||     1
  Eat: Chunk             |     1 |     8 |       ||     9
Armor: Robe              |    15 |     7 |     6 ||    28
Dodge: Dodged            |    25 |    24 |     2 ||    51

Levels and vault maps discovered:
D:1:      scummos_arrival_star, layout_basic, minmay_misc_feat_encased
D:2:      layout_loops_cross, nemelex_xobeh_ov_fountains_minmay, uniq_terence
D:3:      layout_loops_ring, gammafunk_ghost_necromancy, uniq_grinder

Notes
Turn   | Place    | Note
-------+----------+-------------------------------------------
     0 | D:1      | sanka the Barachi Ice Elementalist began the quest for the
                  | Orb.
     0 | D:1      | Reached XP level 1. HP: 13/13 MP: 3/3
   170 | D:1      | Reached XP level 2. HP: 16/19 MP: 0/5
   395 | D:1      | Reached skill level 3 in Spellcasting
   628 | D:1      | Reached XP level 3. HP: 23/24 MP: 5/8
  1102 | D:2      | Noticed Terence
  1109 | D:2      | Killed Terence
  1109 | D:2      | Reached skill level 4 in Spellcasting
  1109 | D:2      | Reached skill level 5 in Ice Magic
  1312 | D:2      | Reached XP level 4. HP: 30/30 MP: 8/10
  1616 | D:1      | Learned a level 3 spell: Frozen Ramparts
  1620 | D:1      | Learned a level 3 spell: Ozocubu's Armour
  1625 | D:1      | Learned a level 4 spell: Summon Ice Beast
  1853 | D:2      | Reached skill level 6 in Ice Magic
  1906 | D:2      | Reached XP level 5. HP: 35/35 MP: 7/11
  2206 | D:2      | Found a sparkling altar of Nemelex Xobeh.
  2930 | D:3      | Noticed an ogre
  2935 | D:3      | Killed an ogre
  2935 | D:3      | Reached skill level 7 in Ice Magic
  2935 | D:3      | Reached XP level 6. HP: 41/41 MP: 7/12
  2990 | D:3      | Reached skill level 8 in Ice Magic
  3055 | D:3      | Found a runed translucent gate.
  3055 | D:3      | Found a runed translucent gate.
  3055 | D:3      | Found a runed translucent gate.
  3199 | D:3      | Noticed Grinder
  3463 | D:3      | Killed Grinder
  3463 | D:3      | Reached skill level 2 in Evocations
  3463 | D:3      | Reached skill level 1 in Summonings
  3463 | D:3      | Reached XP level 7. HP: 13/46 MP: 13/13
  3798 | D:3      | Noticed DogServant's ghost (amateur HaAs)
  3820 | D:3      | Killed DogServant's ghost
  3820 | D:3      | Reached skill level 2 in Summonings
  3824 | D:3      | Mangled by a wyvern zombie

Vanquished Creatures
  Grinder (D:3)
  An ogre (D:3)
  The ghost of DogServant the Sneak, an amateur HaAs (D:3)
  An orc priest (D:3)
  Terence (D:2)
  An orc wizard (D:3)
  3 gnolls (D:2)
  2 adders
  An ooze (D:1)
  5 worms
  A dart slug (D:3)
  6 orcs (D:3)
  8 bats
  2 giant cockroaches
  7 goblins
  7 hobgoblins
  4 jackals (D:1)
  9 kobolds
  2 frilled lizards (D:2)
  7 rats
70 creatures vanquished.
